Map: Blueshift LE

Players

NoCoMent - Winner!

  • Race: Zerg Zerg
  • Spawn Location: 1:00

Yocto

  • Race: Zerg Zerg
  • Spawn Location: 7:00

VOD

Have the link to the VOD?

Description

Time

  • Played on: Dec. 9, 2018, 4:42 a.m.
  • Length: 8:18
Show
View Real Time Build Order
Export as new Build Order

NoCoMent Zerg - Winner!

Build Orders: 1 Base Baneling Bust, Pool First, Zergling Baneling 

Get SALT Encoding   

  12  0:03  Drone  
  13  0:08  Drone  
  13  0:13  Extractor  
  13  0:31  Spawning Pool  
  13  0:33  Drone  
  13  0:39  Drone  
  14  0:49  Overlord  
  14  1:01  Overlord  
  14  1:08  Drone  
  15  1:18  Metabolic Boost  
  15  1:27  Queen  
  15  1:31  Drone  
  18  1:37  Zergling x2  
  19  1:42  Zergling x2  
  19  1:46  Zergling x2  
  21  1:56  Zergling x2  
  22  2:04  Lair  
  22  2:06  Zergling x2  
  23  2:17  Zergling x2  
  24  2:26  Baneling Nest  
  24  2:28  Zergling x2  
  24  2:38  Zergling x2  
  24  2:39  Zergling x6  
  28  2:50  Zergling x2  
  25  3:04  Zergling x2  
  24  3:10  Baneling  
  24  3:11  Baneling  
  24  3:12  Zergling x2  
  25  3:15  Zergling x4  
  27  3:24  Hydralisk Den  
  26  3:39  Zergling x2  
  26  3:40  Zergling x4  
  24  3:59  Baneling x2  
  24  4:01  Baneling  
  24  4:03  Baneling  
  24  4:05  Hatchery  
  23  4:10  Drone  
  24  4:22  Evolution Chamber  
  23  4:25  Drone  
  23  4:29  Baneling x3  
  24  4:33  Baneling  
  24  4:37  Drone  
  20  5:00  Hydralisk x2  
  21  5:07  Extractor  
  20  5:32  Drone x2  
  20  5:33  Drone x3  
  25  5:38  Queen  
  25  5:42  Drone  
  28  6:00  Zerg Ground Armor Level 1  
  28  6:03  Drone x2  
  30  6:07  Drone  
  31  6:12  Drone  
  31  6:14  Drone  
  31  6:17  Overseer  
  33  6:35  Drone x3  
  33  6:37  Overlord  
  36  6:58  Hydralisk x4  
  44  7:39  Overlord  
  44  7:40  Overlord x3  
  44  8:04  Evolution Chamber  
  49  8:09  Hatchery  
  49  8:10  Extractor  
Show
View Real Time Build Order
Export as new Build Order

Yocto Zerg 

Build Orders: Hatch First 

Get SALT Encoding   

  12  0:02  Drone  
  13  0:13  Overlord  
  13  0:17  Drone  
  14  0:33  Drone x2  
  17  0:35  Drone  
  17  0:55  Hatchery  
  16  1:00  Drone  
  17  1:05  Extractor, Drone  
  17  1:16  Spawning Pool  
  16  1:18  Drone  
  16  1:21  Drone  
  18  1:29  Drone  
  19  1:40  Overlord  
  19  1:55  Drone  
  20  2:04  Queen, Zergling x2  
  20  2:07  Queen  
  25  2:09  Zergling x2  
  25  2:10  Metabolic Boost  
  26  2:22  Zergling x4  
  28  2:31  Spine Crawler  
  27  2:39  Baneling Nest  
  27  2:42  Overlord  
  26  2:54  Zergling x8  
  26  2:55  Zergling x2  
  30  3:00  Zergling x2  
  31  3:14  Queen  
  33  3:24  Baneling x4  
  33  3:26  Zergling x8  
  37  3:29  Baneling  
  37  3:50  Drone  
  37  3:51  Drone x6  
  44  4:02  Overlord  
  44  4:09  Lair  
  44  4:25  Spine Crawler  
  44  4:26  Drone x5  
  44  4:27  Drone  
  49  4:33  Extractor  
  48  4:41  Overlord  
  48  4:43  Drone x3  
  42  5:00  Queen  
  44  5:09  Zergling x2  
  44  5:10  Zergling x16  
  53  5:19  Extractor  
  53  5:20  Extractor, Spine Crawler  
  50  5:23  Spire  
  50  5:25  Drone  
  50  5:26  Drone  
  51  5:29  Drone  
  52  5:36  Overlord  
  52  5:44  Drone x4  
  56  5:50  Baneling  
  56  5:52  Drone  
  56  5:53  Drone x3  
  60  6:20  Drone x2  
  60  6:23  Drone  
  63  6:25  Hatchery  
  62  6:45  Overlord x3  
  62  6:48  Mutalisk x3  
  68  7:10  Mutalisk x2  
  68  7:11  Mutalisk x2  
  76  7:25  Drone x2  
  76  7:26  Mutalisk x2, Drone  
  76  7:28  Drone  
  76  7:29  Drone x3  
  87  7:38  Overlord x4  
  87  7:43  Baneling x2  
  87  7:50  Overlord  
  87  7:59  Extractor x2  
Tags
 
Add a new tag
Caveats
  • Supply blocks, unpowered buildings, or Contaminate may cause inaccurate times.
  • Supply counts are checked every 10 seconds.